 Dungeon Crawl Stone Soup version 0.30-a0-3-gc9032a9cac (webtiles) character file.

Game seed: 16601794983312160048

51 BritishOli the Trooper (level 3, -14/29 HPs)
             Began as a Demonspawn Fighter on Aug 20, 2022.
             Demolished by an ogre
             ... wielding a +0 giant club
              (18 damage)
             ... on level 4 of the Dungeon.
             The game lasted 00:01:43 (2409 turns).

BritishOli the Trooper (Demonspawn Fighter)         Turns: 2409, Time: 00:01:44

Health: -14/29     AC:  6    Str: 18    XL:     3   Next: 58%
Magic:  3/3        EV:  9    Int:  9    God:
Gold:   109        SH:  4    Dex: 12    Spells: 2/2 levels left

rFire   . . .      SeeInvis .    a - +0 long sword
rCold   . . .      Faith    .    c - +0 buckler
rNeg    . . .      Spirit   .    b - +0 scale mail
rPois   .          Reflect  .    (helmet restricted)
rElec   .          Harm     .    (no cloak)
rCorr   .          Rampage  .    (no gloves)
Will    .....                    (no boots)
Stlth   ..........               (no amulet)
HPRegen 0.09/turn                (no ring)
MPRegen 0.08/turn                (no ring)

@: no status effects
A: antennae 1
a: no special abilities


You were on level 4 of the Dungeon.
You visited 1 branch of the dungeon, and saw 4 of its levels.

You collected 109 gold pieces.

Inventory:

Hand Weapons
 a - a +0 long sword (weapon)
Armour
 b - a +0 scale mail (worn)
 c - a +0 buckler (worn)
Jewellery
 m - a +4 ring of protection
Scrolls
 e - 2 scrolls of blinking {unknown}
 f - a scroll of fear {unknown}
 g - 2 scrolls of magic mapping {unknown}
 j - 2 scrolls of identify {unknown}
 k - a scroll of butterflies {unknown}
 l - a scroll of noise {unknown}
 n - a scroll of enchant armour {unknown}
 o - a scroll of vulnerability {unknown}
Potions
 d - a potion of might
 h - a potion of heal wounds {unknown}
 i - a potion of invisibility {unknown}


   Skills:
 + Level 3.4 Fighting
 + Level 2.3 Long Blades
 + Level 3.1 Armour
 + Level 3.1 Shields


You had 2 spell levels left.
You didn't know any spells.
Your spell library was empty.

Dungeon Overview and Level Annotations

Branches:
Dungeon (5/15)
 Temple: D:4-7

Altars:
Makhleb
Trog


Innate Abilities, Weirdness & Mutations

You have a pair of small antennae on your head.


Message History

No target in view!
Found 5 stones.
No target in view!
No target in view!
No target in view!
You see here 5 stones.
Found a stone staircase leading up.
No target in view!
No target in view!
There is a stone staircase leading up here.
o - a scroll labelled DAS ITHRULUCECA No target in view!
No target in view!
A ball python comes into view.
The ball python hisses angrily.
A ball python is nearby!
A ball python is nearby!
You barely miss the ball python. The ball python closely misses you.
The ball python barely misses you. The ball python bites you.
You block the ball python's attack.
You slash the ball python!
You kill the ball python!
The ogre shouts!
The ogre closely misses you.
You hit the ogre.
The ogre is moderately wounded.
The ogre closely misses you.
An ogre is nearby!
You slash the ogre!
The ogre is heavily wounded.
The ogre hits you with a +0 giant club!!
Ouch! That really hurt!
An ogre is nearby!
You are too injured to fight recklessly!
The ogre attacks as you move away! The ogre hits you with a +0 giant club!
* * * LOW HITPOINT WARNING * * *
The ogre attacks as you move away!
The ogre hits you with a +0 giant club!!
Ouch! That really hurt!
You die...

#.#.#.####.#### #.#
#.#...........# #.#
#.###.####.##.####.#
#.....# #.......#.#
####### #..#.##.#.#
#..#.##.#.#
#.........#
#####.#.##.###
#..@O...##.#
#.###.####.# #.# #.#
#.# #># #.# #.# #O#
#.# #.# #.# #.####.#
#.# #......#
#######.# ########
.#. #.......#


You could see an ogre.

Vanquished Creatures
  2 adders (D:4)
  4 bats
  A giant cockroach (D:1)
  8 goblins
  3 hobgoblins
  5 kobolds
  A quokka (D:2)
  2 ball pythons
  4 frilled lizards (D:1)
  A rat (D:1)
31 creatures vanquished.

Notes
Turn   | Place    | Note
-------+----------+-------------------------------------------
     0 | D:1      | BritishOli the Demonspawn Fighter began the quest for the
                  | Orb.
     0 | D:1      | Reached XP level 1. HP: 18/18 MP: 1/1
    80 | D:1      | Found a faded altar of an unknown god.
   469 | D:1      | Gained mutation: You have a pair of small antennae on your
                  | head. [demonic ancestry]
   469 | D:1      | Reached XP level 2. HP: 22/24 MP: 2/2
  1190 | D:2      | Found a burning altar of Makhleb.
  1427 | D:2      | You fall into a shaft and drop 2 floors!
  1500 | D:4      | Reached XP level 3. HP: 11/29 MP: 3/3
  1706 | D:4      | Noticed an ogre
  1743 | D:5      | Entered Level 5 of the Dungeon
  2248 | D:4      | Found a bloodstained altar of Trog.
  2409 | D:4      | Demolished by an ogre

Illustrated notes

Levels and vault maps discovered:
D:1:      elethiomel_arrival_quiet, layout_loops_corners,
          chequers_ecumenical_altar_twisty, hangedman_abyss_or_decor_stabs,
          columned_hall_lemuel, nrook_campfire
D:2:      cheibrodos_greedy_goblins, layout_loops_ring, basic_altar,
          serial_bayou_lagoon_a
D:4:      layout_loops_ring, old_standard_altar, uniq_duvessa
D:5:      layout_cave_pools, slow_altar_2, mainiacjoe_overflow_cross_hatched,
          st_stairs_12, uniq_ijyb

Skill      XL: |  1  2 |
---------------+-------+-----
Long Blades    | 2 |  2.3
Armour         | 3 |  3.1
Shields        | 3 |  3.1
Fighting       | |  3.4

Action                   || total
-------------------------++-------
Melee: Long sword        ||   105
Armor: Scale mail        ||    40
Dodge: Dodged            ||    50
Block: Buckler           ||    24

Table legend: (Time is in decaauts)
 A = Elapsed time spent in this place.
 B = Non-inter-level travel time spent in this place.
 C = Inter-level travel time spent in this place.
 D = Time resting spent in this place.
 E = Time spent auto-exploring this place.
 F = Levels seen in this place.
 G = Mean time per level.
                   A        B        C        D        E       F      G
               +--------+--------+--------+--------+--------+-----+--------+
         Total |   2444 |   2412 |     32 |    400 |   1647 |   4 |  611.0 |
       Dungeon |   2444 |   2412 |     32 |    400 |   1647 |   4 |  611.0 |
               +--------+--------+--------+--------+--------+-----+--------+

Top non-repeatable levels by time:
     D:1: 1150 daAuts
     D:4: 764 daAuts
     D:2: 299 daAuts
     D:5: 230 daAuts
